 Dungeon Crawl Stone Soup version 0.23-a0-183-gf37f6fb109 (webtiles) character file.

81 Holzbalken the Basher (level 4, -5/33 HPs)
             Began as a Demonspawn Gladiator on Sept 21, 2018.
             Killed by nerve-wracking pain
             ... invoked by an orc priest
              (10 damage)
             ... on level 2 of the Dungeon.
             The game lasted 00:04:27 (759 turns).

Holzbalken the Basher (Demonspawn Gladiator)         Turns: 759, Time: 00:04:28

Health: -5/33      AC:  4    Str: 15    XL:     4   Next: 20%
Magic:  0/4        EV: 12    Int: 17    God:
Gold:   34         SH:  0    Dex: 14    Spells: 3/3 levels left

rFire    + . .     SeeInvis +   a - +0 flail
rCold    . . .     Gourm    .   (no shield)
rNeg     . . .     Faith    .   b - +0 leather armour
rPois    .         Spirit   +   (helmet restricted)
rElec    .         Reflect  .   (no cloak)
rCorr    .         Harm     .   m - +0 pair of gloves (curse)
MR       .....                  (no boots)
Stlth    +.........             (no amulet)
HPRegen  0.11/turn              (no ring)
MPRegen  0.09/turn              (no ring)

@: brilliant
A: horns 2, talons 1, see invisible, clever 1, fire resistance 1, magic shield,
MP-powered wands
a: no special abilities


You were on level 2 of the Dungeon.
You were not hungry.

You visited 1 branch of the dungeon, and saw 2 of its levels.

You collected 34 gold pieces.

Inventory:

Hand Weapons
 a - a +0 flail (weapon)
Missiles
 d - 3 throwing nets (quivered)
Armour
 b - a +0 leather armour (worn)
 c - a +0 helmet
 m - a cursed +0 pair of gloves (worn)
Jewellery
 k - an uncursed amulet of the acrobat
Comestibles
 f - 2 rations


   Skills:
 - Level 2.0 Fighting
 + Level 10.4 Maces & Flails
 - Level 1.7 Throwing
 - Level 2.6 Dodging


You had 3 spell levels left.
You didn't know any spells.
Your spell library was empty.

Dungeon Overview and Level Annotations

Branches:
Dungeon (2/15)

Altars:


Innate Abilities, Weirdness & Mutations

You have a pair of horns on your head.
Your flesh is heat resistant. (rF+)
When hurt, damage is shared between your health and your magic reserves.
You have sharp toenails.
You have supernaturally acute eyesight. (SInv)
Your mind is acute. (Int +2)
You expend magic power (3 MP) to strengthen your wands.


Message History

You feel aware of your surroundings.
You sensed 1 altar.
It was a scroll of magic mapping.
The orc closely misses you.
As you read the scroll labeled GUPODO VUAPH, it crumbles to dust.
It is a scroll of identify.
k - an uncursed amulet of the acrobat The orc closely misses you.
As you read the scroll labeled ERHA YNAGRE, it crumbles to dust.
The dust glows shining copper!
It was a scroll of random uselessness.
The orc closely misses you.
You thump the orc!
You kill the orc!
You thump the orc!
You kill the orc!
You hit the goblin. Your kick misses the goblin. You headbutt the goblin.
You kill the goblin!
You sock the orc!
You kill the orc!
The orc priest invokes the aid of Beogh against you.
Pain shoots through your body!
You die...

*,**..#**,.#.#,,,,,,,,,,,**,*
*,**#...,,....##********,**,***
*,**#...#*#.#..# *.,,,,,*
**,**,,#..##.##.## *#.,,,,,*
,*,*,,**#....##..## ##.,,,,,.*
,*,,,** **#....#..## #..*,,,..*
,,,,*** ##.#.##..####.#*,,...*
*,,,,,* #.#..##....#.#*,.>..*
,,,**,*****#(##.@).##.#.#*.....*
,*,**,,,,,*#<#####o.#.h.#......*
>,,,,****,,#.# ##.....g......**
*,,*,,* **,..# *#............,,
*,***,* *#.## #..##.(.......,,
*,* *,* #.* #.#...#.......,, *,*
*,* #.** #l*o####......,, *,*
*,* #.,*** #,..# *![....,,
*,***,****#.,,,***o#** *......,,


You could see an orc priest.

Vanquished Creatures
  An orc wizard (D:2)
  An ooze (D:1)
  A dart slug (D:1)
  3 leopard geckos (D:1)
  3 orcs (D:2)
  6 goblins
  A hobgoblin (D:1)
  2 jackals (D:2)
  2 bats
  A frilled lizard (D:2)
  3 kobolds
  A rat (D:1)
25 creatures vanquished.

Notes
Turn   | Place    | Note
-------+----------+-------------------------------------------
     0 | D:1      | Holzbalken the Demonspawn Gladiator began the quest for the
                  | Orb.
     0 | D:1      | Reached XP level 1. HP: 16/16 MP: 1/1
   155 | D:1      | Reached skill level 3 in Maces & Flails
   209 | D:1      | Gained mutation: Your flesh is heat resistant. (rF+)
                  | [demonic ancestry]
   209 | D:1      | Reached XP level 2. HP: 18/22 MP: 2/2
   741 | D:2      | Gained mutation: You have a pair of small horns on your
                  | head. [demonic ancestry]
   741 | D:2      | Reached XP level 3. HP: 17/27 MP: 3/3
   743 | D:2      | Gained mutation: You have supernaturally acute eyesight.
                  | (SInv) [potion of mutation]
   743 | D:2      | Gained mutation: You evolve. [potion of mutation]
   743 | D:2      | Gained mutation: You have a pair of horns on your head.
                  | [potion of mutation]
   744 | D:2      | Lost mutation: You have a pair of horns on your head.
                  | [potion of mutation]
   744 | D:2      | Lost mutation: You evolve. [potion of mutation]
   744 | D:2      | Gained mutation: Your mind is acute. (Int +2) [potion of
                  | mutation]
   744 | D:2      | Gained mutation: You expend magic power (3 MP) to
                  | strengthen your wands. [potion of mutation]
   744 | D:2      | Gained mutation: You have a pair of horns on your head.
                  | [potion of mutation]
   744 | D:2      | Gained mutation: You have sharp toenails. [potion of
                  | mutation]
   745 | D:2      | Reached skill level 10 in Maces & Flails
   745 | D:2      | Gained mutation: When hurt, damage is shared between your
                  | health and your magic reserves. [demonic ancestry]
   745 | D:2      | Reached XP level 4. HP: 6/33 MP: 4/4
   759 | D:2      | Killed from afar by an orc priest

Vault maps used:
D:1:      co_arrival_square_in_a_square_in_a_square, corner_web_ring,
          minmay_fountain_box, kennysheep_boxes
D:2:      marbit_many_paths, hangedman_decor_slide_cut, uniq_jessica

Skill      XL: |  1  2  3 |
---------------+----------+-----
Maces & Flails | 3 10 | 10.4
Fighting       | |  2.0
Throwing       | |  1.7
Dodging        | |  2.6

Action                   |  1- 3 |  4- 6 || total
-------------------------+-------+-------++-------
Melee: Flail             |    58 |    10 ||    68
       Kick              |       |     1 ||     1
       Headbutt          |       |     1 ||     1
  Use: Potion            |     3 |     1 ||     4
       Scroll            |       |     3 ||     3
 Stab: Sleeping          |     3 |       ||     3
Armor: Leather armour    |    19 |       ||    19
Dodge: Dodged            |    48 |     5 ||    53

Table legend:
 A = Non-vault XP
 B = Vault XP
 C = Vault XP percentage of total XP
 D = Non-vault monster count
 E = Vault monster count
 F = Vault count percentage of total count
                 A         B        C        D         E       F
            +---------+---------+-------+---------+---------+-------
      Total |      61 |       0 |   0.0 |      25 |       0 |   0.0
            +---------+---------+-------+---------+---------+-------
        D:1 |      35 |       0 |   0.0 |      15 |       0 |   0.0
        D:2 |      26 |       0 |   0.0 |      10 |       0 |   0.0
            +---------+---------+-------+---------+---------+-------
